[Event "33rd Pula Open 2019"]
[Site "Pula"]
[Date "2019.06.28"]
[Round "8.7"]
[White "Pecnik, Leo"]
[Black "Rubil, Marko"]
[Result "0-1"]
[ECO "A28"]
[WhiteElo "2334"]
[BlackElo "2226"]
[Annotator "NA"]
[PlyCount "90"]
[EventDate "2019.06.22"]
[EventType "swiss"]
[EventCountry "CRO"]
[SourceTitle "playchess.com"]
[Source "ChessBase"]
[SourceQuality "1"]
[TimeControl "5400+30"]

1. c4 e5 2. e3 Nf6 3. Nc3 Be7 4. Nf3 Nc6 5. d4 exd4 6. Nxd4 O-O 7. Be2 Bb4 8. O-O Bxc3 9. bxc3 Ne7 10. Qc2 d6 11. e4 h6 12. Rd1 Bd7 13. a4 a5 14. Nb5 b6 15. c5 bxc5 16. e5 dxe5 17. Ba3 Re8 18. Bxc5 Ng6 19. Rd2 Nf4 20. Bf1 Ne6 21. Ba3 Qc8 22. Re1 Nf4 23. c4 Bc6 24. Bb2 Qb7 25. f3 Ng6 26. Rde2 Nd7 27. c5 Re7 28. Rf2 Rae8 29. Qc3 Nf4 30. Qxa5 Nxc5 31. Ba3 Ncd3 32. Bxd3 Nxd3 33. Bxe7 Rxe7 34. Rd1 Nxf2 35. Kxf2 e4 36. Rd8+ Kh7 37. Qb4 Qb6+ 38. Kg3 Re6 39. Qd4 Qa5 40. Qd2 Qxa4 41. Nxc7 Rg6+ 42. Kh3 exf3 43. gxf3 Bxf3 44. Qd4 Qa5 45. Nb5 Bg2+ 0-1

[Event "33rd Pula Open 2019"]
[Site "Pula"]
[Date "2019.06.28"]
[Round "8.8"]
[White "Urh, Zala"]
[Black "Maier, Christian"]
[Result "1/2-1/2"]
[ECO "C55"]
[WhiteElo "2127"]
[BlackElo "2299"]
[Annotator "NA"]
[PlyCount "20"]
[EventDate "2019.06.22"]
[EventType "swiss"]
[EventCountry "CRO"]
[SourceTitle "playchess.com"]
[Source "ChessBase"]
[SourceQuality "1"]
[TimeControl "5400+30"]

1. e4 e5 2. Nf3 Nc6 3. Bc4 Be7 4. c3 Nf6 5. d3 O-O 6. O-O d6 7. Re1 h6 8. Nbd2 Nh7 9. h3 Ng5 10. Nf1 Nxf3+ 1/2-1/2

[Event "33rd Pula Open 2019"]
[Site "Pula"]
[Date "2019.06.28"]
[Round "8.9"]
[White "Tratar, Marko"]
[Black "Ghersinich, Enrico"]
[Result "1-0"]
[ECO "B39"]
[WhiteElo "2463"]
[BlackElo "2221"]
[Annotator "ChessBase"]
[PlyCount "77"]
[EventDate "2019.06.22"]
[EventType "swiss"]
[EventCountry "CRO"]
[SourceTitle "playchess.com"]
[Source "ChessBase"]
[SourceQuality "1"]
[TimeControl "5400+30"]

1. Nf3 c5 2. c4 Nc6 3. d4 cxd4 4. Nxd4 g6 5. e4 Bg7 6. Be3 Nf6 7. Nc3 Ng4 8. Qxg4 Nxd4 9. Qd1 e5 10. Bd3 O-O 11. a4 d6 12. O-O Ne6 13. Qd2 f5 14. f3 f4 15. Bf2 Rf7 16. Rfd1 Bf8 17. Bf1 Qe8 18. Nb5 Qc6 19. Qd5 g5 20. Nxd6 Qxd6 21. Qxd6 Bxd6 22. Rxd6 g4 23. fxg4 Ng5 24. Bh4 Nxe4 25. Rd8+ Kg7 26. Re1 Nc5 27. Rxe5 Nd7 28. Rg5+ Kh6 29. Rgg8 Rg7 30. g5+ Kg6 31. Bd3+ Kf7 32. Bxh7 Rxg8 33. Rxg8 Nb6 34. g6+ Ke6 35. Re8+ Kd6 36. g7 Be6 37. c5+ Kd5 38. Rxe6 Kxe6 39. g8=Q+ 1-0

[Event "33rd Pula Open 2019"]
[Site "Pula"]
[Date "2019.06.28"]
[Round "8.10"]
[White "Bakker, Guido"]
[Black "Fercec, Nenad"]
[Result "0-1"]
[ECO "A50"]
[WhiteElo "2208"]
[BlackElo "2446"]
[Annotator "NA"]
[PlyCount "42"]
[EventDate "2019.06.22"]
[EventType "swiss"]
[EventCountry "CRO"]
[SourceTitle "playchess.com"]
[Source "ChessBase"]
[SourceQuality "1"]
[TimeControl "5400+30"]

1. d4 Nf6 2. c4 g6 3. Nf3 Bg7 4. g3 b6 5. Bg2 Bb7 6. O-O O-O 7. Bf4 d5 8. Ne5 Qc8 9. Nc3 dxc4 10. e4 c5 11. d5 Nh5 12. Nxc4 Nxf4 13. gxf4 Ba6 14. Qb3 Qg4 15. Nb5 Qxf4 16. d6 Nc6 17. Nc7 Nd4 18. Qd3 Bxc4 19. Qxc4 Be5 20. Rfe1 Qxh2+ 21. Kf1 exd6 0-1

[Event "33rd Pula Open 2019"]
[Site "Pula"]
[Date "2019.06.28"]
[Round "8.11"]
[White "Grishchenko, Sergey"]
[Black "Bozinovic, Bogdan"]
[Result "1/2-1/2"]
[ECO "A61"]
[WhiteElo "2411"]
[BlackElo "2194"]
[Annotator "NA"]
[PlyCount "28"]
[EventDate "2019.06.22"]
[EventType "swiss"]
[EventCountry "CRO"]
[SourceTitle "playchess.com"]
[Source "ChessBase"]
[SourceQuality "1"]
[TimeControl "5400+30"]

1. d4 Nf6 2. c4 c5 3. d5 e6 4. Nc3 exd5 5. cxd5 d6 6. Nf3 g6 7. Bf4 a6 8. a4 Bg7 9. h3 O-O 10. e3 Re8 11. Be2 Ne4 12. Nxe4 Rxe4 13. Nd2 Rb4 14. Nc4 Nd7 1/2-1/2

[Event "33rd Pula Open 2019"]
[Site "Pula"]
[Date "2019.06.28"]
[Round "8.13"]
[White "Palchuk, Andrii"]
[Black "Medak, Bojan"]
[Result "0-1"]
[ECO "B07"]
[WhiteElo "2031"]
[BlackElo "2342"]
[Annotator "NA"]
[PlyCount "112"]
[EventDate "2019.06.22"]
[EventType "swiss"]
[EventCountry "CRO"]
[SourceTitle "playchess.com"]
[Source "ChessBase"]
[SourceQuality "1"]
[TimeControl "5400+30"]

1. e4 Nc6 2. Nf3 d6 3. d4 Nf6 4. Bd3 g6 5. c3 Bg7 6. O-O O-O 7. h3 e5 8. Re1 Re8 9. d5 Nb8 10. c4 a5 11. Nc3 Na6 12. a3 Nh5 13. Rb1 Nc5 14. Bc2 Nf4 15. b4 Na6 16. Be3 h5 17. Ne2 g5 18. Ng3 g4 19. hxg4 Bxg4 20. Nf5 Qf6 21. Qd2 Bxf3 22. Bxf4 exf4 23. gxf3 Bh6 24. Kg2 Qg5+ 25. Kh1 Kh8 26. Rg1 Qf6 27. Qd4 Re5 28. Qd2 Ree8 29. Bd3 axb4 30. axb4 Rg8 31. c5 Rg6 32. Bxa6 bxa6 33. cxd6 cxd6 34. Qb2 Qxb2 35. Rxb2 Bg7 36. Rc2 Be5 37. Rgc1 Rb8 38. Rc8+ Rg8 39. R8c7 Rgf8 40. R1c4 Kh7 41. R7c6 a5 42. bxa5 Rb1+ 43. Rc1 Rb3 44. Nxd6 Rxf3 45. Nf5 f6 46. Re6 Rg8 47. Kh2 Rxf2+ 48. Kh3 f3 49. Rxe5 fxe5 50. d6 Rd2 51. a6 f2 52. a7 Ra2 53. Ng3 Ra3 54. d7 Raxg3+ 55. Kh2 Rg2+ 56. Kh3 Rg1 0-1

[Event "33rd Pula Open 2019"]
[Site "Pula"]
[Date "2019.06.29"]
[Round "9.2"]
[White "Kyc, Jerzy"]
[Black "Beletic, Daniel"]
[Result "1-0"]
[ECO "C40"]
[WhiteElo "2279"]
[BlackElo "2380"]
[Annotator "NA RC"]
[PlyCount "46"]
[EventDate "2019.06.22"]
[EventType "swiss"]
[EventCountry "CRO"]
[SourceTitle "playchess.com"]
[Source "ChessBase"]
[SourceQuality "1"]
[TimeControl "5400+30"]

1. e4 e5 2. Nf3 d5 3. exd5 Bd6 4. Nc3 Nf6 5. Bb5+ Nbd7 6. O-O O-O 7. Re1 Nxd5 8. Nxd5 c6 9. d4 exd4 10. Bg5 f6 11. Bf4 Ne5 12. Nxe5 fxe5 13. Bxe5 Bxe5 14. Rxe5 cxb5 15. Qxd4 Bd7 16. Rae1 Rf7 17. Re7 Qf8 18. Rxf7 Qxf7 19. Ne7+ Kf8 20. Qxd7 Re8 21. Qxb7 Rxe7 22. Qxe7+ Qxe7 23. Rxe7 Kxe7 1-0

[Event "33rd Pula Open 2019"]
[Site "Pula"]
[Date "2019.06.29"]
[Round "9.5"]
[White "Tisaj, Domen"]
[Black "Tratar, Marko"]
[Result "1-0"]
[ECO "A40"]
[WhiteElo "2232"]
[BlackElo "2463"]
[Annotator "RC"]
[PlyCount "61"]
[EventDate "2019.06.22"]
[EventType "swiss"]
[EventCountry "CRO"]
[SourceTitle "playchess.com"]
[Source "ChessBase"]
[SourceQuality "1"]
[TimeControl "5400+30"]

1. d4 e6 2. c4 Bb4+ 3. Bd2 Qe7 4. Qc2 f5 5. e3 Nf6 6. Bd3 b6 7. Ne2 Bb7 8. f3 Bxd2+ 9. Qxd2 g6 10. Nbc3 O-O 11. O-O-O c5 12. d5 Na6 13. e4 fxe4 14. Bxe4 d6 15. h4 Rad8 16. Ng3 exd5 17. Nxd5 Bxd5 18. Bxd5+ Nxd5 19. Qxd5+ Qf7 20. Ne4 Qxd5 21. cxd5 Nc7 22. h5 Kg7 23. Rh4 g5 24. Nxg5 Rf5 25. Rg4 Kh6 26. Ne6 Nxe6 27. dxe6 d5 28. e7 Re8 29. Re1 Rf7 30. Re6+ Kxh5 31. Re1 1-0

[Event "33rd Pula Open 2019"]
[Site "Pula"]
[Date "2019.06.29"]
[Round "9.6"]
[White "Fercec, Nenad"]
[Black "Zierke, Oliver"]
[Result "1-0"]
[ECO "B64"]
[WhiteElo "2446"]
[BlackElo "2227"]
[Annotator "RC"]
[PlyCount "81"]
[EventDate "2019.06.22"]
[EventType "swiss"]
[EventCountry "CRO"]
[SourceTitle "playchess.com"]
[Source "ChessBase"]
[SourceQuality "1"]
[TimeControl "5400+30"]

1. e4 c5 2. Nf3 d6 3. d4 cxd4 4. Nxd4 Nf6 5. Nc3 Nc6 6. Bg5 e6 7. Qd2 Be7 8. O-O-O O-O 9. f4 h6 10. Bh4 e5 11. Nf5 Bxf5 12. exf5 exf4 13. Kb1 d5 14. Bxf6 Bxf6 15. Nxd5 Be5 16. c3 Ne7 17. Bc4 Nxd5 18. Qxd5 Qf6 19. Rhe1 Rad8 20. Qe4 Rxd1+ 21. Rxd1 Rd8 22. Bd5 b5 23. a3 a5 24. Rd3 Bd6 25. Bb3 Rc8 26. Qd5 Be5 27. Qxb5 Rb8 28. Qc4 Qxf5 29. Ka2 g5 30. Rd5 Qf6 31. Rxa5 Kg7 32. Qe4 Re8 33. Ra7 Re7 34. Rxe7 Qxe7 35. h3 Qf6 36. a4 h5 37. Qe2 Kg6 38. a5 Bb8 39. Qe8 Ba7 40. Qg8+ Kf5 41. Bxf7 1-0

[Event "33rd Pula Open 2019"]
[Site "Pula"]
[Date "2019.06.29"]
[Round "9.7"]
[White "Zufic, Miroslav"]
[Black "Jazdanovs, Aleksandrs"]
[Result "1-0"]
[ECO "A30"]
[WhiteElo "2380"]
[BlackElo "2232"]
[Annotator "RC"]
[PlyCount "29"]
[EventDate "2019.06.22"]
[EventType "swiss"]
[EventCountry "CRO"]
[SourceTitle "playchess.com"]
[Source "ChessBase"]
[SourceQuality "1"]
[TimeControl "5400+30"]

1. c4 Nf6 2. Nc3 c5 3. g3 e6 4. Nf3 b6 5. Bg2 Bb7 6. O-O a6 7. b3 Be7 8. Bb2 O-O 9. e3 Nc6 10. Qe2 d5 11. d3 d4 12. exd4 Nxd4 13. Nxd4 Bxg2 14. Kxg2 Qxd4 15. Nd5 1-0

[Event "33rd Pula Open 2019"]
[Site "Pula"]
[Date "2019.06.29"]
[Round "9.8"]
[White "Biti, Ozren"]
[Black "Urh, Zala"]
[Result "1/2-1/2"]
[ECO "C54"]
[WhiteElo "2374"]
[BlackElo "2127"]
[Annotator "ChessBase"]
[PlyCount "40"]
[EventDate "2019.06.22"]
[EventType "swiss"]
[EventCountry "CRO"]
[SourceTitle "playchess.com"]
[Source "ChessBase"]
[SourceQuality "1"]
[TimeControl "5400+30"]

1. e4 e5 2. Nf3 Nc6 3. Bc4 Bc5 4. c3 Nf6 5. d3 a6 6. a4 Ba7 7. h3 h6 8. Nbd2 O-O 9. O-O d6 10. Re1 Re8 11. Nf1 Be6 12. Ng3 d5 13. exd5 Bxd5 14. Bxd5 Qxd5 15. Be3 Bxe3 16. Rxe3 Rad8 17. Qe2 Qb3 18. Ra3 Qd5 19. Ra1 Qb3 20. Ra3 Qd5 1/2-1/2

[Event "33rd Pula Open 2019"]
[Site "Pula"]
[Date "2019.06.29"]
[Round "9.9"]
[White "Medak, Bojan"]
[Black "Jelen, Igor"]
[Result "1/2-1/2"]
[ECO "A05"]
[WhiteElo "2342"]
[BlackElo "2353"]
[Annotator "NA"]
[PlyCount "79"]
[EventDate "2019.06.22"]
[EventType "swiss"]
[EventCountry "CRO"]
[SourceTitle "playchess.com"]
[Source "ChessBase"]
[SourceQuality "1"]
[TimeControl "5400+30"]

1. c4 Nf6 2. Nf3 g6 3. b3 Bg7 4. Bb2 O-O 5. g3 c5 6. Bg2 Nc6 7. O-O d5 8. cxd5 Nxd5 9. Bxg7 Kxg7 10. d4 cxd4 11. Nxd4 Ndb4 12. Nxc6 Nxc6 13. Nc3 Qa5 14. Bxc6 Qxc3 15. Bg2 Rb8 16. Rc1 Qe5 17. Qc2 Rd8 18. Qc7 Qxc7 19. Rxc7 Rd7 20. Rfc1 Rxc7 21. Rxc7 Kf8 22. b4 Ke8 23. Bd5 Kd8 24. Rc3 e6 25. Bb3 h5 26. Ba4 Bd7 27. Rd3 b5 28. Bb3 Rc8 29. f4 Rc1+ 30. Kf2 Kc7 31. Ke3 Rh1 32. h4 Bc6 33. Kd4 Kd6 34. Bc2 Rh2 35. Ke3+ Kc7 36. Rc3 Kb6 37. Kd2 a6 38. a3 Kb7 39. Ke3 Bd5 40. Bb3 1/2-1/2

[Event "33rd Pula Open 2019"]
[Site "Pula"]
[Date "2019.06.29"]
[Round "9.10"]
[White "Maier, Christian"]
[Black "Grishchenko, Sergey"]
[Result "1/2-1/2"]
[ECO "A35"]
[WhiteElo "2299"]
[BlackElo "2411"]
[Annotator "NA"]
[PlyCount "114"]
[EventDate "2019.06.22"]
[EventType "swiss"]
[EventCountry "CRO"]
[SourceTitle "playchess.com"]
[Source "ChessBase"]
[SourceQuality "1"]
[TimeControl "5400+30"]

1. d4 Nf6 2. Nf3 c5 3. e3 d5 4. c4 cxd4 5. exd4 g6 6. Nc3 Bg7 7. cxd5 Nxd5 8. Qb3 Nxc3 9. bxc3 O-O 10. Be2 Nc6 11. O-O Na5 {[%emt 0:10:00] A35: Symmetrical English: 2 Nc3 Nc6 3 Nf3} (11... b6 12. Ba3 Be6 13. c4 Nxd4 14. Nxd4 Qxd4 15. Bxe7 Rfe8 16. Rad1 Qe5 17. Bf3 Rac8 18. Rfe1 Qc7 19. Bd6 Qxc4 20. Qxc4 Bxc4 {0-1 (39) Dzagnidze,N (2510)-Krush,I (2422) Hengshui 2019}) 12. Qb4 Be6 13. Bg5 f6 $146 ({Predecessor:} 13... Re8 14. Bb5 Nc6 15. Bxc6 bxc6 16. Bf4 Bd5 17. Nd2 e5 18. dxe5 Bxe5 19. Bxe5 Rxe5 {0-1 (46) Tuovinen,J-Vetemaa,J (2325) Vantaa 1998}) 14. Be3 Rc8 15. Nd2 Qc7 16. c4 f5 17. d5 Bf7 18. Rac1 f4 19. d6 Qxd6 20. Qxd6 exd6 21. Bxf4 d5 22. c5 Rfe8 23. Bb5 Nc6 24. Rfd1 Bf6 25. Ba4 Red8 26. Nf3 d4 27. a3 d3 28. Bd6 Nd4 29. Nxd4 Bxd4 30. Be7 $11 Rd5 31. g4 Bb2 32. Rb1 Bxa3 33. Rxb7 Bxc5 34. Bb3 d2 35. Bxc5 Rcxc5 36. Rxf7 Kxf7 37. Rxd2 Ke6 38. Ra2 a5 39. Kg2 g5 40. Re2+ Kd6 41. Bxd5 Rxd5 42. Re8 Kc5 43. h4 gxh4 44. Kh3 a4 45. f4 a3 46. f5 Kb4 47. f6 Rd3+ 48. Kxh4 Rf3 49. g5 a2 50. Ra8 Kb3 51. Kh5 Rh3+ 52. Kg4 Rh1 53. Kf5 Rf1+ 54. Ke6 Re1+ 55. Kf5 Rf1+ 56. Ke6 Re1+ 57. Kf5 Rf1+ 1/2-1/2

[Event "33rd Pula Open 2019"]
[Site "Pula"]
[Date "2019.06.29"]
[Round "9.11"]
[White "Petran, Peter"]
[Black "Berezjuk, Sergej"]
[Result "1/2-1/2"]
[ECO "B25"]
[WhiteElo "2246"]
[BlackElo "2411"]
[Annotator "NA"]
[PlyCount "120"]
[EventDate "2019.06.22"]
[EventType "swiss"]
[EventCountry "CRO"]
[SourceTitle "playchess.com"]
[Source "ChessBase"]
[SourceQuality "1"]
[TimeControl "5400+30"]

1. Nf3 c5 2. g3 Nc6 3. Bg2 e5 4. e4 g6 5. Nc3 Bg7 6. d3 Nge7 7. O-O d6 8. Nd2 O-O 9. Nc4 Be6 10. Nd5 h6 {[%emt 0:13:30] B25: Closed Sicilian: 3 g3, lines without early Be3} (10... Kh8 11. c3 Qd7 12. a4 f5 13. a5 Bg8 14. Nxe7 Nxe7 15. Qa4 Rad8 16. Bg5 Bf6 17. Bxf6+ Rxf6 18. exf5 gxf5 {1-0 (56) Grischuk,A (2767)-Gelfand,B (2695) Moscow 2018}) 11. a4 Rb8 12. c3 f5 13. f4 Qd7 $146 ({Predecessor:} 13... Kh7 14. Bd2 Qd7 15. a5 Rbe8 16. Qa4 Qd8 17. Qb5 Bc8 18. Nxe7 Nxe7 19. fxe5 dxe5 20. Rad1 f4 21. gxf4 {½-½ (21) Vesselovsky,S (2401)-Kuchynka,L (2203) Czechia 2008}) 14. Be3 b6 15. Qd2 Kh7 16. Rf2 Rbd8 17. Qc2 Bg8 18. Nxe7 Nxe7 19. b3 exf4 20. Bxf4 fxe4 21. dxe4 Bxc4 22. bxc4 Qe6 23. Qd3 g5 24. e5+ Ng6 25. Bd5 dxe5 26. Be3 e4 27. Qc2 Rxf2 28. Bxf2 Qf6 29. Bxe4 Rd6 30. Rd1 Rxd1+ 31. Qxd1 Kh8 32. a5 $11 Nf8 33. axb6 axb6 34. Be1 Qe7 35. Qd5 Nd7 36. Bd2 Nf6 37. Qa8+ Bf8 38. Bf3 Kg7 39. Qb7 Qxb7 40. Bxb7 Bd6 41. Kg2 Kg6 42. h3 Nh5 43. Be1 Kf6 44. Kf3 Ke5 45. Bd2 Be7 46. g4 Nf4 47. h4 Ng6 48. h5 Nf4 49. Bxf4+ gxf4 50. Be4 Bh4 51. Bb7 Be1 52. Ba6 Bxc3 53. Bb5 Be1 54. Ba6 Bh4 55. Bb5 Bg5 56. Ba6 Kd4 57. Bb5 Kc3 58. Ba6 Kb4 59. Bb5 Ka5 60. Ke4 Kb4 1/2-1/2

[Event "33rd Pula Open 2019"]
[Site "Pula"]
[Date "2019.06.29"]
[Round "9.12"]
[White "Bratkovic, Sham"]
[Black "Franic, Milan"]
[Result "0-1"]
[ECO "E59"]
[WhiteElo "2237"]
[BlackElo "2379"]
[Annotator "NA"]
[PlyCount "106"]
[EventDate "2019.06.22"]
[EventType "swiss"]
[EventCountry "CRO"]
[SourceTitle "playchess.com"]
[Source "ChessBase"]
[SourceQuality "1"]
[TimeControl "5400+30"]

1. d4 Nf6 2. c4 e6 3. Nc3 Bb4 4. e3 O-O 5. Bd3 c5 6. Nf3 d5 7. O-O Nc6 8. a3 Bxc3 9. bxc3 dxc4 10. Bxc4 Qe7 11. a4 b6 12. Ba3 Bb7 13. Qe2 Rac8 14. Ba6 Bxa6 15. Qxa6 Nb8 16. Qb5 Ne4 17. Qd3 Qb7 18. Ne5 Rfd8 19. Rfc1 f6 20. Nc4 f5 21. Qb1 Qd5 22. Ne5 Nd7 23. Nxd7 Rxd7 24. Qb5 Rdc7 25. a5 cxd4 26. Qxd5 exd5 27. axb6 axb6 28. cxd4 Rc2 29. f3 Nd2 30. Rxc2 Rxc2 31. Bd6 Nc4 32. Be5 g5 33. Re1 Kf7 34. h3 Ke6 35. e4 fxe4 36. fxe4 dxe4 37. Rxe4 b5 38. Bg7+ Kf7 39. Bh6 Kg6 40. Re6+ Kf5 41. Rc6 Ne3 42. g4+ Kf4 43. Rxc2 Nxc2 44. d5 b4 45. h4 b3 46. Bxg5+ Kxg4 47. Bf6 Kf5 48. Bc3 Ne3 49. d6 Ke6 50. Bd4 Kxd6 51. Kf2 Nc4 52. Kf3 Ke6 53. Ke4 b2 0-1

[Event "33rd Pula Open 2019"]
[Site "Pula"]
[Date "2019.06.29"]
[Round "9.13"]
[White "Bozinovic, Bogdan"]
[Black "Filipovic, Branko"]
[Result "1/2-1/2"]
[ECO "C01"]
[WhiteElo "2194"]
[BlackElo "2371"]
[Annotator "NA"]
[PlyCount "137"]
[EventDate "2019.06.22"]
[EventType "swiss"]
[EventCountry "CRO"]
[SourceTitle "playchess.com"]
[Source "ChessBase"]
[SourceQuality "1"]
[TimeControl "5400+30"]

1. d4 e6 2. c4 b6 3. e4 Bb4+ 4. Bd2 Bxd2+ 5. Qxd2 d5 6. cxd5 exd5 7. Bb5+ c6 8. Bd3 dxe4 9. Bxe4 Nf6 10. Bf3 O-O 11. Ne2 Bg4 12. Bxg4 Nxg4 13. Nbc3 Na6 14. O-O Nc7 15. Qf4 Nf6 16. Qf3 Ncd5 17. Rac1 Rc8 18. Rfd1 Qd6 19. Nxd5 Qxd5 20. Qa3 Qd7 21. Qf3 Rfe8 22. Nf4 Qd6 23. g3 h6 24. Rc4 Ne4 25. h4 b5 26. Rc2 Nf6 27. d5 c5 28. Rdc1 Nd7 29. Nd3 c4 30. b3 Nb6 31. bxc4 bxc4 32. Nb2 Qxd5 33. Qxd5 Nxd5 34. Rxc4 Rxc4 35. Nxc4 Rc8 36. Rd1 Nc3 37. Nd6 Rd8 38. Rd2 a6 39. Rc2 Nxa2 40. Nxf7 Kxf7 41. Rxa2 Rd6 42. Rb2 Re6 43. Ra2 Ke7 44. Kg2 Kd7 45. g4 Kc7 46. Kg3 Kb6 47. Kf4 a5 48. h5 Kb5 49. Rb2+ Kc5 50. Rb7 g6 51. hxg6 Rxg6 52. Kf5 Rg5+ 53. Kf4 a4 54. Rc7+ Kb6 55. Rh7 Rg6 56. Kf5 Rc6 57. f4 a3 58. Re7 Kb5 59. g5 Rc5+ 60. Kg4 hxg5 61. fxg5 Rc4+ 62. Kf5 a2 63. Re1 Rc5+ 64. Kf6 Rc6+ 65. Kf7 Rc7+ 66. Kf6 Rc2 67. Ra1 Rf2+ 68. Ke7 Rg2 69. Kf6 1/2-1/2

[Event "33rd Pula Open 2019"]
[Site "Pula"]
[Date "2019.06.29"]
[Round "9.14"]
[White "Bochnicka, Vladimir"]
[Black "Pecnik, Leo"]
[Result "1/2-1/2"]
[ECO "B07"]
[WhiteElo "2169"]
[BlackElo "2334"]
[Annotator "ChessBase"]
[PlyCount "79"]
[EventDate "2019.06.22"]
[EventType "swiss"]
[EventCountry "CRO"]
[SourceTitle "playchess.com"]
[Source "ChessBase"]
[SourceQuality "1"]
[TimeControl "5400+30"]

1. e4 d6 2. d4 Nf6 3. Nc3 e5 4. dxe5 dxe5 5. Qxd8+ Kxd8 6. Nf3 Bd6 7. Bc4 Be6 8. Bxe6 fxe6 9. O-O Ke7 10. Be3 Nc6 11. a3 h6 12. h3 g5 13. g4 Rag8 14. Kg2 Nh7 15. Rad1 Nf8 16. Ne2 Na5 17. Nd2 c5 18. c3 b5 19. b4 Nb7 20. Nb3 Nd7 21. Rd2 Rc8 22. Rfd1 Nb6 23. Rxd6 Nxd6 24. bxc5 Ndc4 25. cxb6 axb6 26. Bc1 Rcd8 27. Nd2 Rd3 28. Nxc4 Rxd1 29. Nxe5 Rc8 30. Be3 Re1 31. Nd4 Rxe3 32. fxe3 Rxc3 33. Kf3 Kf6 34. Nd7+ Ke7 35. Ne5 Rxa3 36. Nxb5 Ra1 37. Nc6+ Kd7 38. Ne5+ Ke7 39. Nc6+ Kd7 40. Ne5+ 1/2-1/2